AoeStats
← ilia topuria

Arena

509602066Analyzed
3v3 RM · 6d ago on Sep 27, 2026· 43m 59s· 6 players
Game mode
Random Map
Map size
Normal (6 player)
Population
200
Speed
Normal
Resources
Standard
Victory
Conquest
Starting age
Dark Age
Ending age
Imperial Age
RankedLock teamsTeams togetherTeam positionsShared explorationLock speedFull tech treeHidden civsTurbo modeCheats
Victory
Defeat
🇨🇳 Spanish · China
1400
+6
🇦🇺 Tatars · Australia
1342
+8
🇨🇳 Khmer · China
1201
+12
🇹🇷 Malians · Türkiye
1220
-11
🇹🇷 Goths · Türkiye
1106
-8
🇹🇷 Celts · Türkiye
1089
-7
oaihoq
10:47 Feudal Age
14:26 Castle Age
13:13 Loom
13:16 Double-Bit Axe
13:40 Stone Mining
15:35 Bow Saw
24:21 Horse Collar
26:35 Padded Archer Armor
28:26 Bloodlines
28:17 Husbandry
29:20 Leather Archer Armor
35:53 Imperial Age
33:52 Heavy Plow
35:22 Wheelbarrow
34:33 Town Watch
36:38 Hand Cart
36:24 Gold Mining
36:59 Conscription
37:11 Ring Archer Armor
38:30 Chemistry
39:04 Elite Conquistador
41:41 Ballistics
41:32 Masonry
41:45 Bombard Tower
41:17 Fletching
44:06 Two-Man Saw
43:04 Bodkin Arrow
44:02 Bracer
GI
10:36 Feudal Age
10:24 Loom
14:46 Castle Age
13:17 Double-Bit Axe
13:13 Horse Collar
15:40 Bow Saw
15:24 Town Watch
21:45 Wheelbarrow
23:26 Forging
25:05 Iron Casting
24:48 Bloodlines
25:13 Husbandry
26:57 Scale Barding Armor
28:21 Chain Barding Armor
33:18 Imperial Age
35:11 Plate Barding Armor
34:22 Elite Steppe Lancer
36:37 Blast Furnace
38:30 Capped Ram
40:22 Conscription
40:32 Siege Ram
41:46 Hand Cart
神采飞扬
10:40 Loom
12:32 Feudal Age
15:59 Castle Age
14:11 Horse Collar
14:17 Double-Bit Axe
14:28 Gold Mining
17:12 Wheelbarrow
26:03 Town Watch
27:36 Fervor
28:40 Bloodlines
30:52 Gold Shaft Mining
30:08 Stone Mining
30:46 Bow Saw
32:32 Hand Cart
32:19 Tusk Swords
33:14 Stone Shaft Mining
34:22 Husbandry
34:25 Heavy Plow
34:58 Scale Barding Armor
35:04 Forging
38:38 Imperial Age
36:18 Devotion
36:39 Sanctity
36:42 Chain Barding Armor
36:27 Murder Holes
38:32 Iron Casting
38:07 Town Patrol
40:24 Blast Furnace
40:01 Plate Barding Armor
39:51 Conscription
38:53 Elite Battle Elephant
40:10 Fletching
41:25 Crop Rotation
41:33 Bodkin Arrow
41:45 Siege Engineers
42:56 Chemistry
43:18 Double Crossbow
44:09 Ballistics
EtZeL
11:00 Feudal Age
15:43 Double-Bit Axe
19:40 Town Watch
22:21 Horse Collar
31:15 Loom
37:03 Castle Age
35:27 Scale Mail Armor
36:11 Forging
37:50 Fletching
37:24 Pikeman
38:06 Squires
38:29 Chain Mail Armor
39:18 Iron Casting
ilia topuria
8:58 Feudal Age
14:37 Castle Age
13:34 Scale Mail Armor
12:57 Man-at-Arms
13:22 Arson
14:53 Long Swordsman
16:02 Loom
17:31 Squires
19:44 Chain Mail Armor
24:10 Pikeman
reconquista.ad
10:41 Feudal Age
16:03 Castle Age
14:48 Horse Collar
15:47 Gold Mining
19:32 Scale Barding Armor
21:57 Forging
26:51 Husbandry
29:29 Chain Barding Armor
38:42 Imperial Age
37:00 Wheelbarrow
36:12 Pikeman
37:28 Heavy Plow
37:15 Double-Bit Axe
37:46 Gambesons
38:32 Scale Mail Armor
39:39 Chain Mail Armor
39:50 Conscription
40:07 Iron Casting
39:41 Halberdier
40:52 Plate Mail Armor
42:37 Blast Furnace
Connection lost

Rejoining the realm…

Still unreachable

The connection could not be restored.

Session expired

The server has moved on; the page needs a fresh start.